 Dungeon Crawl Stone Soup version 0.26-a0-812-g31a745ddcd (webtiles) character file.

Game seed: 11063414686752947686

93 vurker the Sneak (level 4, -2/32 HPs)
             Began as a Gnoll Enchanter on Nov 26, 2020.
             Slain by a gnoll
             ... wielding a +0 spear
              (9 damage)
             ... on level 2 of the Dungeon.
             The game lasted 00:02:48 (2822 turns).

vurker the Sneak (Gnoll Enchanter)                  Turns: 2822, Time: 00:02:49

Health: -2/32      AC:  2    Str: 10    XL:     4   Next: 62%
Magic:  11/11      EV: 15    Int: 19    God:
Gold:   32         SH:  0    Dex: 15    Spells: 12/13 levels left

rFire    . . .     SeeInvis .   a - +1 dagger
rCold    . . .     Faith    .   (no shield)
rNeg     . . .     Spirit   .   b - +0 robe
rPois    .         Reflect  .   (no helmet)
rElec    .         Harm     .   (no cloak)
rCorr    .         Rampage  .   (no gloves)
MR       .....                  (no boots)
Stlth    +++.......             (no amulet)
HPRegen  0.10/turn              (no ring)
MPRegen  0.12/turn              (no ring)

@: no status effects
A: distributed training, fangs 1, strong nose
a: no special abilities


You were on level 2 of the Dungeon.
You visited 1 branch of the dungeon, and saw 2 of its levels.

You collected 32 gold pieces.

Inventory:

Hand Weapons
 a - a +1 dagger (weapon)
Armour
 b - a +0 robe (worn)
 g - a +0 helmet
   (You found it on level 1 of the Dungeon)
 i - a +0 scale mail
   (You found it on level 2 of the Dungeon)
Jewellery
 l - an uncursed ring of ice {unknown}
   (You found it on level 2 of the Dungeon)
Scrolls
 c - a scroll of identify {unknown}
 d - a scroll of amnesia {unknown}
 e - a scroll of teleportation {unknown}
 h - a scroll of noise {unknown}
 k - a scroll of blinking {unknown}
Potions
 f - a potion of lignification {unknown}
 j - a potion of heal wounds {unknown}


   Skills:
 + Level 1.2 Fighting
 + Level 2.8 Short Blades
 + Level 1.2 Long Blades
 + Level 1.2 Axes
 + Level 1.2 Maces & Flails
 + Level 1.2 Polearms
 + Level 1.2 Staves
 + Level 1.2 Slings
 + Level 1.2 Bows
 + Level 1.2 Crossbows
 + Level 1.2 Throwing
 + Level 1.2 Armour
 + Level 4.6 Dodging
 + Level 6.0 Stealth
 + Level 1.2 Shields
 + Level 1.2 Unarmed Combat
 + Level 5.1 Spellcasting
 + Level 1.0 Conjurations
 + Level 5.5 Hexes
 + Level 1.0 Summonings
 + Level 1.0 Necromancy
 + Level 1.0 Translocations
 + Level 1.0 Transmutations
 + Level 1.0 Fire Magic
 + Level 1.0 Ice Magic
 + Level 1.0 Air Magic
 + Level 1.0 Earth Magic
 + Level 1.0 Poison Magic
 + Level 1.3 Invocations
 + Level 1.2 Evocations


You had 12 spell levels left.
You knew the following spells:

 Your Spells              Type           Power        Failure   Level
a - Corona                Hex            ####...      1%          1

Your spell library contained the following spells:

 Spells                   Type           Power        Failure   Level
 Confusing Touch          Hex            ####....     3%          3
 Tukima's Dance           Hex            ####....     3%          3
 Ensorcelled Hibernation  Hex/Ice        ###...       4%          2
 Dazzling Flash           Conj/Hex       ###...       10%         3


Dungeon Overview and Level Annotations

Branches:
Dungeon (2/15)

Altars:


Innate Abilities, Weirdness & Mutations

Your experience applies equally to all skills.
You have very sharp teeth.
Your uncanny sense of smell can sniff out nearby items.


Message History

Unknown command.
Unknown command.
Unknown command.
Unknown command.
Unknown command.
You climb downwards.
There is a stone staircase leading up here.
You climb upwards.
There is a stone staircase leading down here.
You start resting.
You climb downwards.
There is a stone staircase leading up here.
The gnoll completely misses you. The gnoll hits you but does no damage.
You completely miss the gnoll. The gnoll hits you with a +0 spear!
You closely miss the gnoll. You bite the gnoll, but do no damage.
The gnoll hits you with a +0 spear!
* * * LOW HITPOINT WARNING * * *
The gnoll misses you.
There is a stone staircase leading up here.
The gnoll hits you from afar with a +0 spear.
* * * LOW HITPOINT WARNING * * *
You climb upwards.
There is a stone staircase leading down here.
You now have 32 gold pieces (gained 16).
Things that are here:
a +0 flail; a +0 whip
There is a stone staircase leading down here.
You don't know that spell.
You start resting.
You climb downwards.
There is a stone staircase leading up here.
The gnoll hits you with a +0 spear.
You hit the gnoll. The gnoll hits you with a +0 spear.
You hit the gnoll but do no damage. You bite the gnoll, but do no damage.
The gnoll misses you.
You hit the gnoll. The gnoll hits you with a +0 spear.
You barely miss the gnoll. You bite the gnoll, but do no damage.
The gnoll closely misses you.
You closely miss the gnoll. You hit the gnoll but do no damage.
You bite the gnoll, but do no damage. The gnoll barely misses you.
You hit the gnoll. The gnoll hits you with a +0 spear.
You hit the gnoll. The gnoll hits you with a +0 spear.
* * * LOW HITPOINT WARNING * * *
You barely miss the gnoll. The gnoll hits you with a +0 spear.
* * * LOW HITPOINT WARNING * * *
You hit the gnoll but do no damage. The gnoll closely misses you.
You hit the gnoll but do no damage. The gnoll hits you with a +0 spear!
You die...

#######...........# #....
#............## ....
#.............##......
#................###..
#.#.....................
#.#.....##..............
#.......##.....#.(.8...
#....(..##.....#....#'#
#......<.@g...###..##'####
#....(.......(...#.#.....#
#.)....[.......#.#.#.!...#
#.........................
#....(..........##..#'#...
#...####........##..#.#...
#....# #......###..$#g#...
#......##########(.P...#...
#..P..(.# #........#.


You could see a gnoll.

Vanquished Creatures
  A hound zombie (D:2)
  An adder (D:2)
  2 gnolls (D:1)
  3 dart slugs (D:1)
  A ball python (D:1)
  5 bats (D:1)
  A bat skeleton (D:2)
  2 bat zombies (D:2)
  2 giant cockroaches (D:1)
  5 goblins
  6 hobgoblins
  4 kobolds
  A ball python zombie (D:2)
  2 frilled lizards
  2 giant cockroach zombies (D:2)
  A jackal zombie (D:2)
  A leopard gecko skeleton (D:2)
  A leopard gecko zombie (D:2)
  3 rats (D:1)
44 creatures vanquished.

Vanquished Creatures (others)
  6 withered plants (D:2)
6 creatures vanquished.

Grand Total: 50 creatures vanquished

Notes
Turn   | Place    | Note
-------+----------+-------------------------------------------
     0 | D:1      | vurker the Gnoll Enchanter began the quest for the Orb.
     0 | D:1      | Reached XP level 1. HP: 13/13 MP: 6/6
   156 | D:1      | Reached XP level 2. HP: 17/19 MP: 7/7
   979 | D:1      | Reached XP level 3. HP: 25/25 MP: 9/9
   989 | D:1      | Reached skill level 5 in Spellcasting
  1413 | D:2      | Reached skill level 6 in Stealth
  1551 | D:2      | Reached skill level 1 in Invocations
  1661 | D:2      | Reached skill level 1 in Fighting
  1661 | D:2      | Reached skill level 1 in Long Blades
  1661 | D:2      | Reached skill level 1 in Axes
  1661 | D:2      | Reached skill level 1 in Maces & Flails
  1661 | D:2      | Reached skill level 1 in Polearms
  1661 | D:2      | Reached skill level 1 in Staves
  1661 | D:2      | Reached skill level 1 in Slings
  1661 | D:2      | Reached skill level 1 in Bows
  1661 | D:2      | Reached skill level 1 in Crossbows
  1661 | D:2      | Reached skill level 1 in Throwing
  1661 | D:2      | Reached skill level 1 in Armour
  1661 | D:2      | Reached skill level 1 in Shields
  1661 | D:2      | Reached skill level 1 in Unarmed Combat
  1661 | D:2      | Reached skill level 1 in Evocations
  1715 | D:2      | Reached XP level 4. HP: 6/32 MP: 11/11
  2465 | D:1      | Reached skill level 1 in Conjurations
  2465 | D:1      | Reached skill level 1 in Summonings
  2465 | D:1      | Reached skill level 1 in Necromancy
  2465 | D:1      | Reached skill level 1 in Translocations
  2465 | D:1      | Reached skill level 1 in Transmutations
  2465 | D:1      | Reached skill level 1 in Fire Magic
  2465 | D:1      | Reached skill level 1 in Ice Magic
  2465 | D:1      | Reached skill level 1 in Air Magic
  2465 | D:1      | Reached skill level 1 in Earth Magic
  2465 | D:1      | Reached skill level 1 in Poison Magic
  2822 | D:2      | Slain by a gnoll

Illustrated notes

Levels and vault maps discovered:
D:1:      psy_arrival_conway, layout_basic, hex_intersection,
          minmay_pentomino_p4
D:2:      layout_basic, serial_undead, serial_undead_e, serial_undead_a,
          serial_undead_a, serial_undead_f, serial_undead_b,
          grunt_ministairs_10, chequers_serial_rivers_large_a,
          grunt_ashenzari_visionary [grunt_ashenzari_visionary_swamp,
          grunt_ashenzari_visionary_shoals]

Skill      XL: |  1  2  3  4 |
---------------+-------------+-----
Spellcasting   | 5 |  5.1
Stealth        | 6 |  6.0
Invocations    | 1 |  1.3
Fighting       | 1 |  1.2
Long Blades    | 1 |  1.2
Axes           | 1 |  1.2
Maces & Flails | 1 |  1.2
Polearms       | 1 |  1.2
Staves         | 1 |  1.2
Slings         | 1 |  1.2
Bows           | 1 |  1.2
Crossbows      | 1 |  1.2
Throwing       | 1 |  1.2
Armour         | 1 |  1.2
Shields        | 1 |  1.2
Unarmed Combat | 1 |  1.2
Evocations     | 1 |  1.2
Conjurations   | 1 |  1.0
Summonings     | 1 |  1.0
Necromancy     | 1 |  1.0
Translocations | 1 |  1.0
Transmutations | 1 |  1.0
Fire Magic     | 1 |  1.0
Ice Magic      | 1 |  1.0
Air Magic      | 1 |  1.0
Earth Magic    | 1 |  1.0
Poison Magic   | 1 |  1.0
Short Blades   | |  2.8
Dodging        | |  4.6
Hexes          | |  5.5

Action                   |  1- 3 |  4- 6 || total
-------------------------+-------+-------++-------
Melee: Dagger            |   151 |    77 ||   228
       Bite              |    11 |    12 ||    23
       Punch             |       |     1 ||     1
 Stab: Sleeping          |    10 |       ||    10
       Distracted        |     1 |       ||     1
Armor: Robe              |    36 |     8 ||    44
Dodge: Dodged            |   142 |    50 ||   192

Table legend: (Time is in decaauts)
 A = Elapsed time spent in this place.
 B = Non-inter-level travel time spent in this place.
 C = Inter-level travel time spent in this place.
 D = Time resting spent in this place.
 E = Time spent auto-exploring this place.
 F = Levels seen in this place.
 G = Mean time per level.
                   A        B        C        D        E       F      G
               +--------+--------+--------+--------+--------+-----+--------+
         Total |   2801 |   2696 |    105 |    698 |   1535 |   2 | 1400.5 |
       Dungeon |   2801 |   2696 |    105 |    698 |   1535 |   2 | 1400.5 |
               +--------+--------+--------+--------+--------+-----+--------+

Top non-repeatable levels by time:
     D:1: 2179 daAuts
     D:2: 622 daAuts
